 Dungeon Crawl Stone Soup version 0.28-a0-1382-g92835e5c71 (webtiles) character file.

Game seed: 6618026663177683757

364 gruber the Conjurer (level 6, -19/36 HPs)
             Began as an Octopode Conjurer on Jan 2, 2022.
             Demolished by an orc warrior (21 damage)
             ... on level 4 of the Dungeon.
             The game lasted 00:04:27 (4171 turns).

gruber the Conjurer (Octopode Conjurer)             Turns: 4171, Time: 00:04:27

Health: -19/36     AC:  1    Str:  7    XL:     6   Next: 67%
Magic:  3/13       EV: 13    Int: 22    God:
Gold:   128        SH:  0    Dex: 10    Spells: 11/14 levels left

rFire   . . .      SeeInvis .   m - +1 trident (vamp)
rCold   . . .      Faith    .   n - orb {light}
rNeg    . . .      Spirit   .   (helmet restricted)
rPois   .          Reflect  .   (no amulet)
rElec   .          Harm     .   (no ring)
rCorr   .          Rampage  .   (no ring)
Will    .....                   (no ring)
Stlth   +.........              (no ring)
HPRegen 0.12/turn               (no ring)
MPRegen 0.13/turn               (no ring)
                                (no ring)
                                (no ring)

@: glowing
A: almost no armour, amphibious, 8 rings, camouflage 1, gelatinous body 1,
(nimble swimmer 1), tentacles
a: no special abilities


You were on level 4 of the Dungeon.
You visited 1 branch of the dungeon, and saw 4 of its levels.

You collected 128 gold pieces.

Inventory:

Hand Weapons
 m - a +1 vampiric trident (weapon)
Missiles
 i - a throwing net
Armour
 n - an orb of light (worn)
Scrolls
 b - a scroll of magic mapping {unknown}
 c - 2 scrolls of identify {unknown}
 g - a scroll of amnesia {unknown}
 k - a scroll of acquirement {unknown}
 l - a scroll of enchant weapon {unknown}
 o - a scroll of fear {unknown}
Potions
 a - 3 potions of curing {unknown}
 d - 2 potions of heal wounds {unknown}
 e - a potion of might {unknown}
 f - a potion of berserk rage {unknown}
 h - 2 potions of resistance {unknown}
 j - 2 potions of lignification {unknown}


   Skills:
 - Level 2.0 Dodging
 - Level 2.6 Stealth
 * Level 4.8 Spellcasting
 - Level 6.0 Conjurations


You had 11 spell levels left.
You knew the following spells:

 Your Spells              Type           Power      Damage    Failure   Level
a - Magic Dart            Conj           100%       1d8       1%          1
b - Searing Ray           Conj           62%        2d6       1%          2

Your spell library contained the following spells:

 Spells                   Type           Power      Damage    Failure   Level
 Dazzling Flash           Conj/Hex       36%        N/A       9%          3
 Beastly Appendage        Tmut           10%        N/A       11%         1
 Wereblood                Tmut           5%         N/A       16%         2
 Spider Form              Tmut/Pois      5%         N/A       30%         3
 Fulminant Prism          Conj/Hex       9%         3d7       30%         4
 Iskenderun's Mystic Bla  Conj/Tloc      18%        2d6       30%         4


Dungeon Overview and Level Annotations

Branches:
Dungeon (4/15)
 Temple: D:4-7

Altars:


Innate Abilities, Weirdness & Mutations

You cannot wear most types of armour.
You are amphibious.
You can wear up to eight rings at the same time.
Your skin changes colour to match your surroundings (Stealth+).
Your rubbery body absorbs attacks. (AC +1, EV +1)
((You are camouflaged when in or above water. (Stealth+)))
You have tentacles for arms and can constrict up to eight enemies at once.


Message History

Casting: Magic Dart (safe; 1% risk of failure)
Confirm with . or Enter, or press ? or * to list all spells.
Aiming: Searing Ray (safe; 1% risk of failure)
Press: ? - help, Shift-Dir - straight line, f/p - orc warrior
Aim: an orc warrior, wielding a +0 trident and wearing a +0 chain mail (77% to hit)
The searing ray hits the orc warrior.
The orc warrior is lightly wounded. (Press . to maintain the ray.) Unknown command.
The searing ray hits the orc warrior.
The orc warrior is moderately wounded.
The searing ray hits the orc warrior but does no damage.
The orc warrior is lightly wounded.
The orc warrior misses you.
The searing ray hits the orc warrior.
The orc warrior is moderately wounded.
You finish channelling your searing ray.
The orc warrior barely misses you.
Casting: Searing Ray (safe; 1% risk of failure)
Confirm with . or Enter, or press ? or * to list all spells.
Aiming: Searing Ray (safe; 1% risk of failure)
Press: ? - help, Shift-Dir - straight line, f/p - orc warrior
Aim: an orc warrior, wielding a +0 trident and wearing a +0 chain mail (moderately wounded, haloed, 83% to hit)
The searing ray hits the orc warrior.
The orc warrior is heavily wounded. (Press . to maintain the ray.)
The orc warrior hits you from afar with a +0 trident!
The searing ray hits the orc warrior.
The orc warrior is heavily wounded.
The orc warrior hits you from afar with a +0 trident.
The searing ray hits the orc warrior but does no damage.
The orc warrior is heavily wounded.
The orc warrior hits you from afar with a +0 trident!
* * * LOW HITPOINT WARNING * * *
The searing ray hits the orc warrior but does no damage.
The orc warrior is heavily wounded.
You finish channelling your searing ray.
The orc warrior hits you from afar with a +0 trident!!
Ouch! That really hurt!
You die...

# ##.##......## ##.
#.........>.#
##..###..........###
##................[.#
#....^.......).......
.................#...
.)........[..#.......
........[......##..#
. ##....@.........###
..## #.............##
.....#..o..........#
.....[..............#
......$..............
.......#############.
.....#. ....... ?..
...


You could see an orc warrior.

Vanquished Creatures
  A centaur skeleton (D:3)
  2 orc priests (D:4)
  Jessica (D:2)
  Natasha (thrice) (D:2)
  An orc wizard (D:4)
  Robin (D:3)
  3 gnolls (D:2)
  An adder (D:2)
  An adder zombie (D:3)
  A worm (D:2)
  3 dart slugs
  6 orcs
  8 ball pythons
  3 endoplasms
  2 giant cockroaches
  16 goblins
  10 hobgoblins
  6 jackals
  4 quokkas
  4 bats
  4 frilled lizards
  4 kobolds (D:1)
85 creatures vanquished.

Notes
Turn   | Place    | Note
-------+----------+-------------------------------------------
     0 | D:1      | gruber the Octopode Conjurer began the quest for the Orb.
     0 | D:1      | Reached XP level 1. HP: 11/11 MP: 3/3
   385 | D:1      | Reached XP level 2. HP: 17/17 MP: 1/5
   846 | D:1      | Reached XP level 3. HP: 21/21 MP: 3/6
  1306 | D:2      | Reached skill level 5 in Conjurations
  1416 | D:2      | Reached XP level 4. HP: 27/27 MP: 3/7
  1657 | D:2      | Found a faded altar of an unknown god.
  1730 | D:2      | Noticed Jessica
  1734 | D:2      | Killed Jessica
  1794 | D:2      | Reached skill level 6 in Conjurations
  2115 | D:2      | Noticed Natasha
  2122 | D:2      | Killed Natasha
  2123 | D:2      | Reached XP level 5. HP: 22/31 MP: 0/8
  2126 | D:2      | Learned a level 2 spell: Searing Ray
  2472 | D:2      | Noticed Natasha
  2479 | D:2      | Killed Natasha
  2618 | D:2      | Noticed Natasha
  2625 | D:2      | Killed Natasha
  2756 | D:3      | Noticed Robin
  2772 | D:3      | Killed Robin
  2874 | D:3      | Reached XP level 6. HP: 7/36 MP: 8/11
  4157 | D:4      | Noticed an orc warrior
  4171 | D:4      | Demolished by an orc warrior

Illustrated notes

Levels and vault maps discovered:
D:1:      sevenhm_arrival_forest_fort_large_2, layout_loops_ring
D:2:      layout_basic, shapermc_ecumenical_altar_mp_highgroup, uniq_natasha,
          uniq_jessica
D:3:      layout_basic, uniq_robin
D:4:      minmay_door_path, layout_cave_pools, temple_fountains

Skill      XL: |  1  2  3  4  5  6 |
---------------+-------------------+-----
Conjurations   | 5 6 |  6.0
Spellcasting   | 3 4 |  4.8
Dodging        | |  2.0
Stealth        | |  2.6

Action                   |  1- 3 |  4- 6 || total
-------------------------+-------+-------++-------
Melee: Unarmed           |     6 |     6 ||    12
       Tentacles         |     3 |     5 ||     8
       Constrict         |     2 |    12 ||    14
       Trident           |       |    67 ||    67
 Cast: Magic Dart        |    46 |    56 ||   102
       Searing Ray       |       |    15 ||    15
 Stab: Sleeping          |     1 |     2 ||     3
Armor: Skin              |       |     9 ||     9
Dodge: Dodged            |     5 |    64 ||    69

Table legend: (Time is in decaauts)
 A = Elapsed time spent in this place.
 B = Non-inter-level travel time spent in this place.
 C = Inter-level travel time spent in this place.
 D = Time resting spent in this place.
 E = Time spent auto-exploring this place.
 F = Levels seen in this place.
 G = Mean time per level.
                   A        B        C        D        E       F      G
               +--------+--------+--------+--------+--------+-----+--------+
         Total |   4191 |   3850 |    341 |     50 |   3276 |   4 | 1047.8 |
       Dungeon |   4191 |   3850 |    341 |     50 |   3276 |   4 | 1047.8 |
               +--------+--------+--------+--------+--------+-----+--------+

Top non-repeatable levels by time:
     D:3: 1356 daAuts
     D:1: 1347 daAuts
     D:2: 1326 daAuts
     D:4: 161 daAuts
